 Dungeon Crawl Stone Soup version 0.29-a0-887-gcbe080d7e0 (webtiles) character file.

Game seed: 2591094233467910379

1747 RevDB the Basher (level 8, 73/73 HPs)
             Began as a Minotaur Fighter on July 19, 2022.
             Was a Believer of Okawaru.
             Quit the game on level 6 of the Dungeon on July 21, 2022.
             The game lasted 00:38:21 (4360 turns).

RevDB the Basher (Minotaur Fighter)                 Turns: 4360, Time: 00:38:22

Health: 73/73      AC: 21    Str: 23    XL:     8   Next: 77%
Magic:  7/7        EV:  6    Int:  5    God:    Okawaru [**....]
Gold:   540        SH:  5    Dex: 16    Spells: 7/7 levels left

rFire   . . .      SeeInvis .   o - +2 flail (protect)
rCold   . . .      Faith    +   c - +0 buckler
rNeg    . . .      Spirit   .   t - +0 plate armour
rPois   .          Reflect  .   (helmet restricted)
rElec   .          Harm     .   F - +0 cloak
rCorr   .          Rampage  .   i - +0 pair of gloves
Will    .....                   (no boots)
Stlth   ..........              j - amulet of faith
HPRegen 0.22/turn               B - +6 ring of dexterity
MPRegen 0.10/turn               (no ring)

@: under a protective aura
A: horns 2, retaliatory headbutt
a: Renounce Religion, Heroism


You were on level 6 of the Dungeon.
You worshipped Okawaru.
Okawaru was pleased with you.
You visited 2 branches of the dungeon, and saw 7 of its levels.

You collected 540 gold pieces.

Inventory:

Hand Weapons
 e - a +0 whip
 o - a +2 flail of protection (weapon)
 q - a +0 mace
Missiles
 k - 76 stones
 v - a throwing net
 z - 4 poisoned darts (quivered)
 G - 2 boomerangs
Armour
 b - a +0 scale mail
 c - a +0 buckler (worn)
 i - a +0 pair of gloves (worn)
 t - a +0 plate armour (worn)
 F - a +0 cloak (worn)
 I - a scarf of harm
Jewellery
 j - an amulet of faith (around neck)
 m - an amulet of the acrobat
 B - a +6 ring of dexterity (left hand)
 E - a ring of fire
 J - an amulet of guardian spirit
Wands
 d - a wand of flame (1)
 s - a wand of acid (6)
Scrolls
 a - 3 scrolls of identify {unknown}
 f - 5 scrolls of fear {unknown}
 g - 6 scrolls of teleportation {unknown}
 p - a scroll of summoning {unknown}
 r - 2 scrolls of vulnerability {unknown}
 w - a scroll of magic mapping {unknown}
 y - a scroll of brand weapon {unknown}
 C - a scroll of noise {unknown}
 D - a scroll of immolation {unknown}
Potions
 h - 3 potions of attraction {unknown}
 l - 2 potions of mutation {unknown}
 n - 3 potions of lignification {unknown}
 u - 3 potions of heal wounds {unknown}
 x - 2 potions of haste {unknown}
 A - 2 potions of flight {unknown}
 H - a potion of cancellation {unknown}


   Skills:
 - Level 7.0 Fighting
 - Level 10.0 Maces & Flails
 - Level 5.0 Throwing
 - Level 4.0 Armour
 - Level 3.6 Shields
 + Level 2.4 Evocations


You had 7 spell levels left.
You didn't know any spells.
Your spell library contained the following spells:

 Spells                   Type           Power      Damage    Failure   Level
 Apportation              Tloc           0%         N/A       100%        1
 Magic Dart               Conj           0%         1d3       100%        1
 Shock                    Conj/Air       0%         1d3       100%        1
 Static Discharge         Conj/Air       0%         3-3/arc   100%        2
 Mephitic Cloud           Conj/Pois/Air  0%         N/A       100%        3
 Portal Projectile        Hex/Tloc       0%         N/A       100%        3
 Swiftness                Air            0%         N/A       100%        3
 Airstrike                Air            0%         0-1+      100%        4
 Dispel Undead            Necr           0%         3d6       100%        4
 Leda's Liquefaction      Hex/Erth       0%         N/A       100%        4
 Passage of Golubria      Tloc           0%         N/A       100%        4
 Sticky Flame             Conj/Fire      0%         2d3       100%        4
 Alistair's Intoxication  Tmut/Pois      0%         N/A       100%        5
 Yara's Violent Unravell  Hex/Tmut       0%         3d3       100%        5
 Call Imp                 Summ           Unusable   N/A       N/A         2
 Call Canine Familiar     Summ           Unusable   N/A       N/A         3
 Tukima's Dance           Hex            Unusable   N/A       N/A         3

Dungeon Overview and Level Annotations

Branches:
Dungeon (6/15)             Temple (1/1) D:4

Altars:
Ashenzari
Cheibriados
Dithmenos
Elyvilon
Fedhas
Gozag
Hepliaklqana
Makhleb
Nemelex Xobeh
Okawaru
Qazlal
Ru
Sif Muna
Trog
Uskayaw
Xom
Yredelemnul
Zin
The Shining One


Innate Abilities, Weirdness & Mutations

You have a pair of horns on your head.
You reflexively headbutt those who attack you in melee.


Message History

You closely miss something. Something hits you but does no damage.
Something kicks you but does no damage.
You bludgeon something!! Your headbutt misses something.
Something hits you but does no damage. Something kicks you but does no damage.
Something hits you but does no damage. Something kicks you but does no damage.
You hit something. You headbutt something. Okawaru accepts your kill.
Reactivating autopickup.
You feel a bit more experienced.
You see here a +0 shortbow.
You open the door.
There is an open door here.
You now have 514 gold pieces (gained 8).
You now have 521 gold pieces (gained 7).
You now have 533 gold pieces (gained 12).
You now have 540 gold pieces (gained 7).
There is an open door here.
Welcome back, RevDB the Minotaur Fighter.
Okawaru says: Bring me glory in combat!
Press ? for a list of commands and other information.
You see here a +0 shortbow.
J - an amulet of guardian spirit
There is an open door here.
A bullfrog comes into view.
The bullfrog gives a loud, deep croak!
The bullfrog releases a deep croak.
You hit the bullfrog.
Your weapon exudes an aura of protection.
You headbutt the bullfrog!
The bullfrog is heavily wounded.
The bullfrog hits you but does no damage.
You sock the bullfrog!
You kill the bullfrog!
Okawaru accepts your kill.
Training target 5.0 for Throwing reached!
Your Throwing skill increases to level 5!
Your Evocations skill increases to level 2!
You see here a bullfrog corpse.
Unknown command.
Are you sure you want to abandon this character and quit the game? (Confirm with "yes".)

##....# .......
...#....... .. #.......
.. '...#### ###########
.###...#...
..........###.#.....#...
..........#...#.....#.._
.......@..#...#.....#...
.........†##'##.....#...
.....####...........###'
.... #.............).
... #..........####. ..
#..........# #. .
#..........# #.
#..........# #.
#..........# #.


There were no monsters in sight!

Vanquished Creatures
  Grinder (D:3)
  3 black bears
  2 ogres (D:5)
  The ghost of Yogidamonk the Shooter, an amateur MiHu (D:3)
  A centaur (D:6)
  A phantom (D:5)
  A bullfrog (D:6)
  A necrophage (D:5)
  A scorpion (D:5)
  2 jellies
  2 orc priests
  A bullfrog skeleton (D:3)
  2 hounds
  4 iguanas
  Terence (D:2)
  An orc wizard (D:5)
  7 adders
  3 gnolls (D:3)
  A howler monkey skeleton (D:3)
  2 white imps (D:5)
  2 ufetubi
  A worm (D:4)
  6 dart slugs
  19 orcs
  6 bats
  11 endoplasms
  2 giant cockroaches
  18 goblins
  8 hobgoblins
  20 jackals
  6 quokkas
  8 ball pythons
  2 frilled lizards
  16 kobolds
  9 rats
172 creatures vanquished.

Vanquished Creatures (others)
  4 fungi (D:2)
  4 toadstools (D:2)
8 creatures vanquished.

Grand Total: 180 creatures vanquished

Notes
Turn   | Place    | Note
-------+----------+-------------------------------------------
     0 | D:1      | RevDB the Minotaur Fighter began the quest for the Orb.
     0 | D:1      | Reached XP level 1. HP: 19/19 MP: 0/0
   384 | D:1      | Reached skill level 3 in Maces & Flails
   384 | D:1      | Reached XP level 2. HP: 27/27 MP: 1/1
   429 | D:1      | Found a faded altar of an unknown god.
   621 | D:1      | Reached skill level 4 in Maces & Flails
   621 | D:1      | Reached XP level 3. HP: 33/33 MP: 2/2
  1162 | D:2      | Noticed Terence
  1178 | D:2      | Killed Terence
  1179 | D:2      | Reached skill level 5 in Maces & Flails
  1179 | D:2      | Reached XP level 4. HP: 2/40 MP: 3/3
  1988 | D:3      | Noticed Grinder
  1993 | D:3      | Paralysed by Grinder for 4 turns
  1999 | D:3      | Paralysed by Grinder for 2 turns
  2001 | D:3      | Killed Grinder
  2002 | D:3      | Reached skill level 7 in Maces & Flails
  2002 | D:3      | Reached XP level 5. HP: 43/46 MP: 4/4
  2002 | D:3      | Reached XP level 6. HP: 48/52 MP: 5/5
  2051 | D:3      | Reached skill level 8 in Maces & Flails
  2051 | D:3      | Upgraded the game from 0.29-a0-876-gfc89b1a5bd to
                  | 0.29-a0-878-g7b45a56547
  2056 | D:3      | HP: 2/52 [orc priest/divine providence (10)]
  2414 | D:3      | Found a runed translucent gate.
  2414 | D:3      | Found a runed translucent gate.
  2414 | D:3      | Found a runed translucent gate.
  2438 | D:3      | Noticed Yogidamonk's ghost (amateur MiHu)
  2450 | D:3      | Killed Yogidamonk's ghost
  2451 | D:3      | Reached skill level 5 in Fighting
  2667 | D:3      | Found a bloodstained altar of Trog.
  2791 | D:3      | Reached XP level 7. HP: 60/62 MP: 6/6
  3102 | D:4      | Found a staircase to the Ecumenical Temple.
  3119 | D:4      | Found an iron altar of Okawaru.
  3124 | D:4      | Became a worshipper of Warmaster Okawaru
  3172 | D:4      | Found a stormy altar of Qazlal.
  3396 | Temple   | Entered the Ecumenical Temple
  3444 | D:4      | Found a shadowy altar of Dithmenos.
  3495 | D:4      | Reached skill level 9 in Maces & Flails
  3495 | D:4      | Reached skill level 1 in Throwing
  3585 | D:5      | Entered Level 5 of the Dungeon
  3643 | D:5      | Reached * piety under Okawaru
  3650 | D:5      | Reached XP level 8. HP: 70/73 MP: 7/7
  3650 | D:5      | Found a hide-covered altar of Uskayaw.
  3676 | D:5      | Upgraded the game from 0.29-a0-878-g7b45a56547 to
                  | 0.29-a0-885-gb26ba3297d
  4047 | D:5      | Found a basalt altar of Yredelemnul.
  4184 | D:6      | Reached skill level 10 in Maces & Flails
  4208 | D:6      | Reached ** piety under Okawaru
  4292 | D:6      | Found a snail-covered altar of Cheibriados.
  4305 | D:6      | Reached skill level 1 in Evocations
  4308 | D:6      | Upgraded the game from 0.29-a0-885-gb26ba3297d to
                  | 0.29-a0-887-gcbe080d7e0
  4357 | D:6      | Reached skill level 5 in Throwing
  4360 | D:6      | Quit the game

Illustrated notes

Levels and vault maps discovered:
D:1:      amcnicky_arrival_flooded_fountain, layout_loops_ring,
          ebering_ecumenical_altar_box
D:2:      layout_loops_cross, minmay_gold_behind_fungi, uniq_terence
D:3:      minmay_recursive_quarters, layout_loops_ring, trog_hazing_becter,
          gammafunk_ghost_necromancy, uniq_grinder
D:4:      layout_rooms, mainiacjoe_overflow_24_doors,
          mainiacjoe_overflow_brackets, grunt_dithmenos_smoke,
          minmay_temple_entry_stoned_glass
D:5:      layout_cave_pools, eat_drink_and_be_merry_uskayaw, marbit_many_paths
D:6:      layout_gridville, amcnicky_altar_gilded, gammafunk_ghost_arena,
          serial_shops, nicolae_shop_advertising_works
          [nicolae_subvault_shop_adworks], kennysheep_diamond
Temple:   nicolae_temple_ecumenical_triangle

Skill      XL: |  1  2  3  4  5  6  7  8 |
---------------+-------------------------+-----
Fighting       | 4 5 7 |  7.0
Maces & Flails | 3 4 5 7 8 9 10 | 10.0
Armour         | 4 |  4.0
Throwing       | 2 5 |  5.0
Evocations     | 2 |  2.4
Shields        | |  3.6

Action                   |  1- 3 |  4- 6 |  7- 9 || total
-------------------------+-------+-------+-------++-------
Melee: Whip              |   102 |       |       ||   102
       Headbutt          |    21 |    12 |    29 ||    62
       Flail             |    15 |   101 |   187 ||   303
Throw: Dart              |       |       |     6 ||     6
       Stone             |       |       |     1 ||     1
  Use: Potion            |     1 |       |       ||     1
Armor: Scale mail        |    40 |     7 |       ||    47
       Plate armour      |       |    58 |   155 ||   213
Dodge: Dodged            |    37 |    46 |    71 ||   154
Block: Buckler           |    22 |    20 |    35 ||    77

Table legend: (Time is in decaauts)
 A = Elapsed time spent in this place.
 B = Non-inter-level travel time spent in this place.
 C = Inter-level travel time spent in this place.
 D = Time resting spent in this place.
 E = Time spent auto-exploring this place.
 F = Levels seen in this place.
 G = Mean time per level.
                   A        B        C        D        E       F      G
               +--------+--------+--------+--------+--------+-----+--------+
         Total |   4364 |   4172 |    192 |    767 |    461 |   7 |  623.4 |
       Dungeon |   4333 |   4141 |    192 |    767 |    461 |   6 |  722.2 |
        Temple |     30 |     30 |      0 |      0 |      0 |   1 |   30.0 |
               +--------+--------+--------+--------+--------+-----+--------+

Top non-repeatable levels by time:
     D:3: 1132 daAuts
     D:2: 984 daAuts
     D:1: 951 daAuts
     D:5: 642 daAuts
     D:4: 496 daAuts
     D:6: 126 daAuts
  Temple: 30 daAuts
